[Event "Titled Tuesday Blitz July 26 Late 2022"]
[White "Toncheva, Nadya"]
[Black "Gallana, Marco"]
[WhiteFideId "2924056"]
[BlackFideId "824542"]
[WhiteElo "1888"]
[BlackElo "2290"]
[Result "0-1"]
[Round "08"]
[TimeControl "180+1"]
[Date "2022.07.27"]
[WhiteClock "0:00:08"]
[BlackClock "0:00:12"]

1. e4 c5 2. Nf3 Nc6 3. c3 d5 4. exd5 Qxd5 5. d4 g6 6. Be3 cxd4 7. Nxd4 Bg7 8. Nxc6 Qxc6 9. Na3 a6 10. Nc2 Nh6 11. Nd4 Qd6 12. Be2 O-O 13. O-O Rd8 14. Bf3 Qc7 15. Qe2 Nf5 16. Nxf5 Bxf5 17. Rfd1 Rac8 18. Rxd8+ Rxd8 19. Rd1 b5 20. h3 Be6 21. a4 Bc4 22. Qe1 bxa4 23. Rxd8+ Qxd8 24. Bc5 Bf6 25. Qe4 Qd3 26. Qc6 Kg7 27. Qxa4 Be5 28. Qd1 Qf5 29. Qd2 Qb1+ 30. Qd1 Qxb2 31. Bd4 Bf6 32. Bxf6+ exf6 33. Qd4 Qb1+ 34. Kh2 Qd3 35. Bc6 Qxd4 36. cxd4 Kf8 37. Kg3 Ke7 38. Kf4 Kd6 39. Be8 a5 40. Ke4 Bb3 41. Kd3 h6 42. Kc3 Bd5 43. g3 g5 44. h4 f5 45. hxg5 hxg5 46. f4 f6 47. Kd3 Kc7 48. Kc3 Kb6 49. Bd7 Be4 50. Kc4 Kc7 51. Be8 Kd6 52. Ba4 Bc6 53. Bc2 Bd7 54. Kd3 Be6 55. Kc3 Bd7 56. Bb3 Bc6 57. Bc4 Bd5 58. Bb5 Bc6 59. Bd3 Bd7 60. Bc4 Be6 61. Bd3 Bd5 62. Ba6 Be4 63. Be2 Bd5 64. Bb5 Bc6 65. Bd3 a4 66. Bc4 a3 67. Kb3 Bd5 68. Bxd5 Kxd5 69. Kxa3 Kxd4 70. Kb4 Ke4 71. Kc4 gxf4 72. gxf4 Kxf4 73. Kd3 Kg3 74. Ke2 Kg2 75. Ke3 Kg3 76. Ke2 f4 77. Kf1 Kf3 78. Ke1 Kg2 0-1


[Site "https://www.chess.com"]

[Event "Titled Tuesday Blitz July 26 Late 2022"]
[White "Vazquez Espino, Uriel"]
[Black "Romanchuk, Viktor"]
[WhiteFideId "5119138"]
[BlackFideId "14109271"]
[WhiteElo "2368"]
[BlackElo "2242"]
[Result "0-1"]
[Round "08"]
[TimeControl "180+1"]
[Date "2022.07.27"]
[WhiteClock "0:00:06"]
[BlackClock "0:00:24"]

1. e4 e6 2. d4 d5 3. Nc3 dxe4 4. Nxe4 Nd7 5. Nf3 Ngf6 6. Nxf6+ Nxf6 7. Bd3 c5 8. Bg5 cxd4 9. Nxd4 Qa5+ 10. Bd2 Qe5+ 11. Ne2 Qxb2 12. O-O Be7 13. Bc3 Qb6 14. Rb1 Qc7 15. Bb5+ Kf8 16. Qd4 h5 17. Rfd1 h4 18. h3 Rh5 19. Qe3 Nd5 20. Qf3 Rf5 21. Qd3 Nxc3 22. Nxc3 a6 23. Bc4 b5 24. Bb3 Bb7 25. Ne2 Rd8 26. Qe3 Bc5 27. Nd4 e5 28. Qd3 g6 29. Ne6+ fxe6 30. Qxd8+ Qxd8 31. Rxd8+ Ke7 32. Rb8 Bxf2+ 33. Kh2 Bd5 34. Bxd5 exd5 35. Rb7+ Kf6 36. a4 bxa4 37. Rd7 d4 38. Rd6+ Kg5 39. Rxa6 Bg3+ 40. Kh1 Rf2 41. Rxa4 Rxc2 42. Rf1 Bf4 43. Ra3 Kf5 44. Raf3 g5 45. Ra3 Rc5 46. Ra8 Ke4 47. Rf8 Ke3 48. Rf3+ Ke2 49. R8xf4 exf4 50. Kh2 d3 0-1


[Site "https://www.chess.com"]

[Event "Titled Tuesday Blitz July 26 Late 2022"]
[White "Vivekananthan, Anish"]
[Black "Paravyan, David"]
[WhiteFideId "2090775"]
[BlackFideId "4194985"]
[WhiteElo "2786"]
[BlackElo "2569"]
[Result "0-1"]
[Round "08"]
[TimeControl "180+1"]
[Date "2022.07.26"]
[WhiteClock "0:00:12"]
[BlackClock "0:00:19"]

1. d4 Nf6 2. Nf3 g6 3. Nbd2 d5 4. b4 a5 5. b5 c5 6. bxc6 Nxc6 7. e3 Bg7 8. c4 O-O 9. Be2 Bf5 10. a3 e5 11. Bb2 exd4 12. Nxd4 Ne4 13. Nxc6 bxc6 14. Bxg7 Kxg7 15. Nxe4 Bxe4 16. O-O Qf6 17. cxd5 Bxd5 18. Bf3 Rfd8 19. Bxd5 Rxd5 20. Qc2 Rad8 21. Rac1 c5 22. Qc3 Qxc3 23. Rxc3 Rb8 24. e4 Rd4 25. Rxc5 Ra4 26. Rc3 Rxe4 27. g3 Rb6 28. Rf3 Rf6 29. Rxf6 Kxf6 30. Rd1 Ra4 31. Rd3 Ke5 32. f3 Rd4 33. Re3+ Kd6 34. Kg2 Rd2+ 35. Kh3 f5 36. Rc3 h6 37. f4 g5 38. g4 fxg4+ 39. Kxg4 Rxh2 40. fxg5 Rg2+ 41. Kf5 Rxg5+ 42. Kf4 Rh5 43. Ke4 Rh4+ 44. Kf5 Kd5 45. Rc8 Rh3 46. Kg6 Rxa3 47. Kxh6 a4 48. Kg5 Rd3 49. Kf4 a3 50. Ra8 Rc3 51. Ra5+ Kc4 52. Ke4 Kb3 53. Ra8 a2 54. Rb8+ Kc2 55. Ra8 Kb2 56. Kd4 Ra3 57. Rb8+ Rb3 0-1


[Site "https://www.chess.com"]

[Event "Titled Tuesday Blitz July 26 Late 2022"]
[White "Vlassov, Nikolai"]
[Black "Jin, Ashton"]
[WhiteFideId "4103360"]
[BlackFideId "30931908"]
[WhiteElo "2324"]
[BlackElo "2514"]
[Result "1-0"]
[Round "08"]
[TimeControl "180+1"]
[Date "2022.07.26"]
[WhiteClock "0:02:27"]
[BlackClock "0:01:32"]

1. e4 c5 2. c3 Nf6 3. e5 Nd5 4. d4 cxd4 5. cxd4 d6 6. Bc4 Nb6 7. Bb3 Nc6 8. e6 Bxe6 9. d5 Nxd5 10. Bxd5 Bxd5 11. Qxd5 e6 12. Qb5 Rc8 13. Nc3 Be7 14. Nf3 O-O 15. Qxb7 Qa5 16. O-O d5 17. Qb5 Qc7 18. Be3 Rb8 19. Qe2 Bf6 20. Bg5 Bxg5 21. Nxg5 h6 22. Nf3 1-0


[Site "https://www.chess.com"]

[Event "Titled Tuesday Blitz July 26 Late 2022"]
[White "Wachinger, Guenther"]
[Black "Melikyan, Gnel"]
[WhiteFideId "4604261"]
[BlackFideId "54109990"]
[WhiteElo "2212"]
[BlackElo "1772"]
[Result "1-0"]
[Round "08"]
[TimeControl "180+1"]
[Date "2022.07.27"]
[WhiteClock "0:00:03"]
[BlackClock "0:00:03"]

1. e4 c5 2. Nf3 Nc6 3. d4 cxd4 4. Nxd4 e5 5. Nb5 a6 6. Nd6+ Bxd6 7. Qxd6 Qf6 8. Qd2 Qg6 9. f3 d5 10. exd5 Nd4 11. Bd3 Bf5 12. Bxf5 Qxf5 13. Na3 Nf6 14. c3 Nb5 15. Nxb5 axb5 16. O-O O-O 17. Qe2 Nxd5 18. Qxb5 Rfd8 19. Qxb7 Qc2 20. Bg5 Rab8 21. Qa7 Rxb2 22. Rf2 Qxf2+ 23. Qxf2 Rxf2 24. Kxf2 Rc8 25. Rd1 Nxc3 26. Rc1 Rc5 27. Be3 Ra5 28. Rxc3 Rxa2+ 29. Kg3 h6 30. Rc8+ Kh7 31. Rc5 f6 32. Rc3 Kg6 33. h4 Ra4 34. Rc7 h5 35. Bf2 Ra8 36. Kh3 Rd8 37. Rc3 Kf5 38. g3 Rd2 39. Be3 Re2 40. Ra3 Kg6 41. g4 Re1 42. Kg3 Rh1 43. Bf2 Rc1 44. Kg2 hxg4 45. fxg4 Rc4 46. Kg3 Rf4 47. Be3 Rc4 48. h5+ Kh7 49. Ra7 Kg8 50. Kf3 Rc3 51. Ke4 Rc4+ 52. Kf5 Rc3 53. Kg6 Kf8 54. Bd2 Rg3 55. Bb4+ Ke8 56. Ra8+ Kd7 57. Kxg7 Rxg4+ 58. Kxf6 Rxb4 59. h6 Rh4 60. Kg5 Rh1 61. h7 Ke6 62. h8=Q Rg1+ 63. Kh4 Rh1+ 64. Kg3 1-0


[Site "https://www.chess.com"]

[Event "Titled Tuesday Blitz July 26 Late 2022"]
[White "Wagner, Dennis"]
[Black "Grigoriants, Sergey"]
[WhiteFideId "24650684"]
[BlackFideId "4130804"]
[WhiteElo "2355"]
[BlackElo "2502"]
[Result "0-1"]
[Round "08"]
[TimeControl "180+1"]
[Date "2022.07.26"]
[WhiteClock "0:00:01"]
[BlackClock "0:00:06"]

1. e4 e5 2. Nf3 Nc6 3. Bb5 a6 4. Ba4 Nf6 5. O-O b5 6. Bb3 Bc5 7. a4 Rb8 8. c3 d6 9. d4 Bb6 10. a5 Ba7 11. h3 O-O 12. Be3 Re8 13. Nbd2 Ra8 14. Re1 Bb7 15. Nf1 h6 16. Ng3 exd4 17. cxd4 Nxe4 18. Nxe4 Rxe4 19. Bd5 Re7 20. Qd2 Nxa5 21. Bxb7 Nxb7 22. Bxh6 Rxe1+ 23. Rxe1 Qf6 24. Bg5 Qg6 25. Nh4 Qh7 26. Re7 Bb6 27. g4 Na5 28. Kg2 Nc6 29. Re1 Nxd4 30. Qe3 Ne6 31. Qf3 Rf8 32. Be7 Re8 33. Nf5 Kh8 34. Qc6 Rg8 35. Qd7 Qg6 36. Kg3 Bd4 37. Nh4 Qd3+ 0-1


[Site "https://www.chess.com"]

[Event "Titled Tuesday Blitz July 26 Late 2022"]
[White "Wang, Isaac"]
[Black "Golubenko, Valentina"]
[WhiteFideId "30977185"]
[BlackFideId "4501993"]
[WhiteElo "2356"]
[BlackElo "2164"]
[Result "1/2-1/2"]
[Round "08"]
[TimeControl "180+1"]
[Date "2022.07.27"]
[WhiteClock "0:00:04"]
[BlackClock "0:00:15"]

1. d4 g6 2. c4 Bg7 3. Nc3 c5 4. d5 Bxc3+ 5. bxc3 f5 6. h4 Nf6 7. h5 gxh5 8. e4 fxe4 9. Rxh5 d6 10. Rh4 Bf5 11. Ne2 Nbd7 12. Ng3 Bg6 13. Be2 Ne5 14. Be3 Qa5 15. Qb3 O-O-O 16. Rb1 b6 17. Rc1 Nd3+ 18. Bxd3 exd3 19. Kd2 Kc7 20. a4 Rhf8 21. Qb5 Qxb5 22. axb5 h5 23. f3 Rfe8 24. Ra1 Kb7 25. Nh1 Rg8 26. Nf2 Bf7 27. Rg1 e6 28. dxe6 Bxe6 29. Nxd3 d5 30. cxd5 Bxd5 31. Kc2 Bc4 32. Rxc4 Nd5 33. Bd2 Rde8 34. Nf4 Nf6 35. Kd1 Rd8 36. Kc2 Rge8 37. Re1 Rg8 38. Re2 a6 39. bxa6+ Kxa6 40. Ra4+ Kb5 41. Ra7 Rd6 42. Kb3 c4+ 43. Kc2 Kc6 44. g4 hxg4 45. fxg4 Rxg4 46. Ne6 Ne4 47. Nd4+ Kd5 48. Be3 Nc5 49. Rc7 Rd7 50. Rxd7+ Nxd7 51. Rd2 Ke4 52. Bf2 Rg5 53. Ne6 Re5 54. Rxd7 Rxe6 55. Bxb6 Rxb6 56. Rd4+ Ke5 57. Rxc4 Kd5 58. Kd3 Rg6 59. Rd4+ Kc5 60. Rf4 Rg3+ 61. Kc2 Rg2+ 62. Kb3 Rg3 63. Rf5+ Kc6 64. Kb4 Rg4+ 65. c4 Rg1 66. Rf6+ Kc7 67. Kc5 Rg5+ 68. Kb4 Rg1 69. Rf5 Rb1+ 70. Kc5 Ra1 71. Rf7+ Kc8 72. Kb6 Rb1+ 73. Kc6 Kd8 74. c5 Re1 75. Rd7+ Kc8 76. Rh7 Re6+ 77. Kd5 Rg6 78. Kc4 Rf6 79. Kb5 Rg6 80. c6 Rg1 81. Rh8+ Kc7 82. Rh7+ Kc8 83. Rh8+ Kc7 84. Rh7+ Kc8 1/2-1/2


[Site "https://www.chess.com"]

[Event "Titled Tuesday Blitz July 26 Late 2022"]
[White "Yoo, Christopher Woojin"]
[Black "Grischuk, Alexander"]
[WhiteFideId "30909694"]
[BlackFideId "4126025"]
[WhiteElo "2105"]
[BlackElo "2762"]
[Result "1/2-1/2"]
[Round "08"]
[TimeControl "180+1"]
[Date "2022.07.26"]
[WhiteClock "0:00:05"]
[BlackClock "0:00:52"]

1. e4 e6 2. d4 d5 3. Nc3 Bb4 4. e5 c5 5. a3 Bxc3+ 6. bxc3 Ne7 7. Qg4 cxd4 8. Qxg7 Rg8 9. Qxh7 Qc7 10. Ne2 Nbc6 11. f4 Bd7 12. Qd3 dxc3 13. h4 O-O-O 14. h5 Nf5 15. h6 Rg6 16. h7 Rh8 17. Rh5 Nce7 18. Qh3 Qc5 19. g4 Nd4 20. Nxd4 Qxd4 21. Be3 Qa4 22. Bd3 Bb5 23. Bxb5 Qxb5 24. f5 Qb2 25. Rd1 Qxc2 26. fxg6 fxg6 27. Rh6 Qe4 28. Kf2 Qc2+ 29. Ke1 Qe4 30. Rd4 Qb1+ 31. Rd1 Qe4 1/2-1/2


[Site "https://www.chess.com"]

[Event "Titled Tuesday Blitz July 26 Late 2022"]
[White "Zhu, Jiner"]
[Black "Vovk, Orest"]
[WhiteFideId "8608059"]
[BlackFideId "14113490"]
[WhiteElo "2281"]
[BlackElo "2203"]
[Result "1-0"]
[Round "08"]
[TimeControl "180+1"]
[Date "2022.07.26"]
[WhiteClock "0:00:27"]
[BlackClock "0:00:01"]

1. e4 h6 2. d4 g5 3. Nc3 Bg7 4. Be3 c5 5. dxc5 Bxc3+ 6. bxc3 Nc6 7. Nf3 Qa5 8. Qd2 Nf6 9. Bd3 g4 10. Nd4 h5 11. Nf5 d5 12. cxd6 Bxf5 13. exf5 O-O-O 14. dxe7 Nxe7 15. O-O Nxf5 16. Bf4 Nd6 17. Rab1 Nc4 18. Qe2 Rhe8 19. Bf5+ Qxf5 20. Qxc4+ Kd7 21. Qc7+ Ke6 22. Rxb7 Nd5 23. Qc6+ Rd6 24. Qxd6# 1-0


[Site "https://www.chess.com"]

[Event "Titled Tuesday Blitz July 26 Late 2022"]
[White "Zhukova, Natalia"]
[Black "Janaszak, Dawid"]
[WhiteFideId "14101513"]
[BlackFideId "1119206"]
[WhiteElo "2296"]
[BlackElo "2199"]
[Result "0-1"]
[Round "08"]
[TimeControl "180+1"]
[Date "2022.07.27"]
[WhiteClock "0:00:02"]
[BlackClock "0:00:06"]

1. c4 e5 2. Nc3 f5 3. g3 Nf6 4. Nf3 Nc6 5. d4 e4 6. d5 exf3 7. dxc6 bxc6 8. exf3 Bc5 9. Bg2 O-O 10. O-O d6 11. f4 Bd7 12. Na4 Bb6 13. c5 Bxc5 14. Nxc5 dxc5 15. Qc2 Ne4 16. Be3 Qf6 17. Rac1 Rfe8 18. b3 a5 19. Bxc5 Be6 20. Ba3 Bd5 21. Bb2 Qf7 22. Rfe1 a4 23. bxa4 Bxa2 24. Qxc6 Bd5 25. Qxc7 Rxa4 26. Qb6 Qe6 27. Qb5 Raa8 28. Rc7 Rab8 29. Rxg7+ Kf8 30. Qe2 Qb6 31. Ba1 Nf6 32. Re7 Be4 33. Bxe4 Nxe4 34. Rxe8+ Rxe8 35. Qf3 Qb4 0-1


[Site "https://www.chess.com"]

[Event "Titled Tuesday Blitz July 26 Late 2022"]
[White "Ansh M Shah"]
[Black "Silva, Miguel Antonio Neto"]
[WhiteFideId "25033379"]
[BlackFideId "1911929"]
[WhiteElo "1819"]
[BlackElo "2223"]
[Result "1-0"]
[Round "09"]
[TimeControl "180+1"]
[Date "2022.07.27"]
[WhiteClock "0:00:34"]
[BlackClock "0:00:44"]

1. d4 Nf6 2. c4 e6 3. Nf3 d5 4. g3 Be7 5. Bg2 O-O 6. O-O dxc4 7. Qc2 a6 8. a4 Bd7 9. Qxc4 Bc6 10. Bg5 Nbd7 11. Rd1 h6 12. Bxf6 Nxf6 13. Nc3 a5 14. Ne5 Bxg2 15. Kxg2 c6 16. Rac1 Qb6 17. Nd3 Rfd8 18. e3 Rac8 19. b3 Nd5 20. Nc5 Bxc5 21. dxc5 Qb4 22. Nxd5 Rxd5 23. Qxb4 axb4 24. e4 Rdd8 25. Rxd8+ Rxd8 26. Rc4 Kf8 27. Rxb4 Rd7 28. Kf3 Ke7 29. Ke3 Rc7 30. Rd4 Rc8 31. e5 Ra8 32. f4 Ra5 33. Rc4 Kd7 34. Kd4 Kc7 35. Kc3 Ra8 36. Rd4 g6 37. h4 Rg8 38. b4 Ra8 39. Kb3 Rb8 40. b5 cxb5 41. axb5 Ra8 42. b6+ Kc6 43. Kb4 1-0


[Site "https://www.chess.com"]

[Event "Titled Tuesday Blitz July 26 Late 2022"]
[White "Ardila, Oscar Humberto"]
[Black "Burke, Paul"]
[WhiteFideId "4404742"]
[BlackFideId "2605767"]
[WhiteElo "1956"]
[BlackElo "1927"]
[Result "1-0"]
[Round "09"]
[TimeControl "180+1"]
[Date "2022.07.27"]
[WhiteClock "0:00:19"]
[BlackClock "0:00:01"]

1. d4 c5 2. d5 Nf6 3. c4 Ne4 4. Qc2 Qa5+ 5. Nd2 Nf6 6. e4 d6 7. Bd3 g6 8. h3 Bg7 9. Nf3 Na6 10. O-O O-O 11. Nb3 Qd8 12. a3 h6 13. Bf4 e5 14. dxe6 Bxe6 15. Rad1 Qe7 16. Rfe1 g5 17. Bh2 g4 18. hxg4 Nxg4 19. Bg3 Ne5 20. Be2 Rad8 21. Nbd2 Nc7 22. Nf1 a6 23. Ne3 b5 24. cxb5 axb5 25. Nd5 Nxd5 26. exd5 Bc8 27. Bxb5 Nxf3+ 28. gxf3 Qf6 29. Qe4 Bf5 30. Qf4 Qg6 31. b4 Be5 32. Qh4 Bf6 33. Qh2 Bd4 34. bxc5 dxc5 35. Kg2 Rxd5 36. Bc4 Rd7 37. Rh1 Bg7 38. Rxd7 Bxd7 39. Rd1 Bc6 40. Bd5 Bb5 41. Qh4 Be2 42. Rd2 Bb5 43. Be4 f5 44. Rd6 Qg5 45. Bd5+ Kh7 46. Qf4 Bf6 47. Rb6 Qxf4 48. Bxf4 Bd7 49. Rb7 1-0


[Site "https://www.chess.com"]

[Event "Titled Tuesday Blitz July 26 Late 2022"]
[White "Averjanov, Alexey"]
[Black "Wachinger, Guenther"]
[WhiteFideId "14109867"]
[BlackFideId "4604261"]
[WhiteElo "2615"]
[BlackElo "2212"]
[Result "1-0"]
[Round "09"]
[TimeControl "180+1"]
[Date "2022.07.26"]
[WhiteClock "0:01:17"]
[BlackClock "0:00:02"]

1. d4 d5 2. c4 e6 3. Nf3 c6 4. e3 f5 5. g3 Nf6 6. Bg2 Bd6 7. O-O O-O 8. b3 Bd7 9. Ba3 Bxa3 10. Nxa3 Be8 11. Nc2 Bh5 12. Nce1 Nbd7 13. Qc2 Bxf3 14. Nxf3 Ne4 15. Nd2 Nxd2 16. Qxd2 Nf6 17. Qd3 Qd6 18. Rab1 a5 19. Rfc1 Ne4 20. Qc2 g5 21. Qb2 Kg7 22. a3 h5 23. b4 h4 24. bxa5 Rf7 25. Qb4 hxg3 26. hxg3 Qc7 27. cxd5 exd5 28. Qb6 Rxa5 29. Qxc7 Rxc7 30. Rb3 Kf6 31. Rcb1 b5 32. Rc1 Ke6 33. Bf1 Kd6 34. Bd3 Nd2 35. Rbc3 Nc4 36. Bxf5 Rxa3 37. Rxa3 Nxa3 38. e4 b4 39. e5+ Ke7 40. Bd3 b3 41. Rc3 Rb7 42. Rxc6 b2 43. Kg2 b1=Q 44. Bxb1 Rxb1 45. Kf3 Nb5 46. Kg4 Nxd4 47. Rd6 Rb5 48. Kxg5 Ne6+ 49. Kg6 d4 50. f4 Nf8+ 51. Kf5 1-0


[Site "https://www.chess.com"]

[Event "Titled Tuesday Blitz July 26 Late 2022"]
[White "Bartholomew, John"]
[Black "Ozer, Omer Faruk"]
[WhiteFideId "2019353"]
[BlackFideId "6354564"]
[WhiteElo "2760"]
[BlackElo "2050"]
[Result "0-1"]
[Round "09"]
[TimeControl "180+1"]
[Date "2022.07.26"]
[WhiteClock "0:00:11"]
[BlackClock "0:00:51"]

1. Nf3 Nf6 2. c4 a6 3. Nc3 e6 4. Qc2 d5 5. e3 Be7 6. b3 c5 7. Bb2 Nc6 8. a3 d4 9. Ne4 Nxe4 10. Qxe4 f5 11. Qc2 Bf6 12. exd4 cxd4 13. c5 e5 14. Bc4 e4 15. Ng1 d3 16. Qc1 Nd4 17. Nh3 Nc2+ 18. Kd1 Nxa1 19. Qxa1 Rf8 20. Re1 Bd7 21. Nf4 Bxb2 22. Qxb2 Qf6 23. Qxf6 Rxf6 24. Nd5 Rc6 25. Nb6 Rd8 26. b4 Be6 27. Bxe6 Rxe6 28. Kc1 Rxb6 29. cxb6 Rc8+ 30. Kb1 Rc2 31. f3 Rxd2 32. fxe4 Re2 33. Rc1 fxe4 34. Rc8+ Kd7 35. Rc7+ Kd6 36. Kc1 e3 37. Rc8 Re1+ 38. Kb2 d2 39. Rd8+ Kc6 0-1


[Site "https://www.chess.com"]

[Event "Titled Tuesday Blitz July 26 Late 2022"]
[White "Bortnyk, Olexandr"]
[Black "Jacobson, Brandon"]
[WhiteFideId "14120828"]
[BlackFideId "30901561"]
[WhiteElo "2723"]
[BlackElo "2362"]
[Result "1/2-1/2"]
[Round "09"]
[TimeControl "180+1"]
[Date "2022.07.26"]
[WhiteClock "0:00:43"]
[BlackClock "0:00:06"]

1. d4 Nf6 2. Nc3 d5 3. Bf4 c5 4. e4 Nxe4 5. Nxe4 dxe4 6. d5 g6 7. Be5 f6 8. Bc3 Nd7 9. Qe2 Nb6 10. O-O-O Na4 11. Bxf6 Bh6+ 12. Kb1 O-O 13. Qxe4 Rxf6 14. Qxa4 Rxf2 15. Nf3 Bg7 16. Qh4 Qb6 17. b3 Qf6 18. Qxf6 Bxf6 19. Rd2 Rxd2 20. Nxd2 Bf5 21. Bc4 Kg7 22. Re1 a6 23. Ne4 b5 24. Nxf6 Kxf6 25. Be2 Be4 26. Bf3 Bxf3 27. gxf3 Rd8 28. Re6+ Kf7 29. c4 bxc4 30. bxc4 Rd6 31. Re5 Rf6 32. Re3 Rf4 33. Rc3 Kf6 34. Kc2 Rh4 35. Kd3 g5 36. Ra3 Rh3 37. Rxa6+ Kf5 38. Re6 Rxf3+ 39. Kc2 Rf2+ 40. Kb3 Rxh2 41. Rxe7 g4 42. Kc3 Rxa2 43. d6 Ra8 44. Rxh7 Rd8 45. Rh5+ Kf4 46. Rxc5 g3 47. Rc7 Rxd6 48. Rg7 Kf3 49. c5 Rd1 50. Kb4 g2 51. Kb5 g1=Q 52. Rxg1 Rxg1 53. c6 Ke4 54. c7 Rc1 55. Kb6 Kd5 56. Kb7 Kd6 57. c8=Q Rxc8 58. Kxc8 1/2-1/2


[Site "https://www.chess.com"]

[Event "Titled Tuesday Blitz July 26 Late 2022"]
[White "Buchenau, Frank"]
[Black "Zong, Davis"]
[WhiteFideId "4604350"]
[BlackFideId "30903955"]
[WhiteElo "2157"]
[BlackElo "2061"]
[Result "0-1"]
[Round "09"]
[TimeControl "180+1"]
[Date "2022.07.27"]
[WhiteClock "0:00:01"]
[BlackClock "0:00:04"]

1. e4 e5 2. Bc4 Nf6 3. d3 Nc6 4. Nf3 Be7 5. O-O O-O 6. Re1 d6 7. a4 a5 8. c3 Be6 9. Bxe6 fxe6 10. Nbd2 Kh8 11. Nc4 Qe8 12. Bg5 Nh5 13. Bd2 Nf4 14. Bxf4 Rxf4 15. g3 Rf6 16. Kg2 Qh5 17. Nfd2 Qf7 18. f3 h5 19. h4 Rg6 20. Rh1 Qf4 21. Nf1 Bxh4 22. Qe1 Rf8 23. Qf2 Kg8 24. Rh3 Be7 25. Rxh5 d5 26. Ncd2 d4 27. Nh2 Bc5 28. Nb3 Bb6 29. c4 Ba7 30. Rh1 Nb4 31. Nc1 Bc5 32. Nf1 c6 33. Rh8+ Kf7 34. Rxf8+ Bxf8 35. Rh3 Na6 36. Kh2 Qf6 37. f4 Rh6 38. Rxh6 Qxh6+ 39. Kg2 Ke7 40. Nh2 exf4 41. gxf4 Qg6+ 42. Qg3 Qxg3+ 43. Kxg3 c5 44. Nf3 g6 45. Ne5 Kf6 46. Nd7+ Kf7 47. Nxf8 Kxf8 48. Kg4 Kf7 49. Kg5 Nb4 50. f5 exf5 51. exf5 gxf5 52. Kxf5 Ke7 53. Ke5 Kd7 54. Ke4 Ke6 55. Ne2 Nc6 56. Nf4+ Kd6 57. Ng6 Nb8 58. Nh4 Nd7 59. Nf5+ Ke6 60. Ng7+ Kd6 61. Ne8+ Ke7 62. Nc7 Kd6 63. Nb5+ Kc6 64. Kf5 Nb6 65. b3 Nd7 66. Ke6 Nb8 67. Na7+ Kb6 68. Nc8+ Kc7 69. Nd6 Kc6 70. Nb5 Na6 71. Ke5 Nb4 72. Ke4 Nc2 73. Na7+ Kb6 74. Nc8+ Kc7 75. Ne7 Kd6 76. Nf5+ Ke6 77. Ng7+ Kd6 78. Nf5+ Ke6 79. Ng7+ Kd7 80. Nf5 Kc6 81. Ne7+ Kb6 82. Nd5+ Kc6 83. Ne7+ Kd7 84. Nd5 Na1 85. Nb6+ Kc6 86. Nd5 Nxb3 0-1


[Site "https://www.chess.com"]

[Event "Titled Tuesday Blitz July 26 Late 2022"]
[White "Csonka, Balazs"]
[Black "Karas, Marek"]
[WhiteFideId "742910"]
[BlackFideId "14928558"]
[WhiteElo "2404"]
[BlackElo "2250"]
[Result "1-0"]
[Round "09"]
[TimeControl "180+1"]
[Date "2022.07.26"]
[WhiteClock "0:00:23"]
[BlackClock "0:01:33"]

1. c4 e5 2. g3 Nf6 3. Bg2 c6 4. Nf3 e4 5. Nd4 Qb6 6. Nb3 a5 7. d3 Bb4+ 8. Nc3 exd3 9. Be3 Qc7 10. Qxd3 O-O 11. a3 Be7 12. Bf4 Qb6 13. Na4 Qd8 14. c5 Na6 15. O-O Ne8 16. Rfd1 Nec7 17. Rac1 Ne6 18. Bd6 Bxd6 19. Qxd6 Qc7 20. f4 1-0


[Site "https://www.chess.com"]

[Event "Titled Tuesday Blitz July 26 Late 2022"]
[White "De Gleria, Francesco"]
[Black "Shohat, Yotam"]
[WhiteFideId "4630394"]
[BlackFideId "2813955"]
[WhiteElo "2283"]
[BlackElo "2119"]
[Result "1-0"]
[Round "09"]
[TimeControl "180+1"]
[Date "2022.07.27"]
[WhiteClock "0:00:10"]
[BlackClock "0:00:03"]

1. e4 c5 2. Nf3 e6 3. c3 Nf6 4. e5 Nd5 5. d4 cxd4 6. cxd4 d6 7. Nc3 Nxc3 8. bxc3 Qc7 9. Bd2 Nd7 10. exd6 Bxd6 11. Bd3 b6 12. Qe2 Bb7 13. h4 h6 14. h5 Bf4 15. Be4 Bxd2+ 16. Nxd2 Qxc3 17. O-O Bxe4 18. Nxe4 Qa3 19. Qb5 Qe7 20. d5 exd5 21. Qxd5 O-O 22. Rfe1 Nf6 23. Qf5 Nxe4 24. Rxe4 Qa3 25. Rae1 Qxa2 26. R1e3 Rad8 27. Rg3 Qb1+ 28. Kh2 Rd1 29. Rxg7+ Kxg7 30. Rg4+ 1-0


[Site "https://www.chess.com"]

[Event "Titled Tuesday Blitz July 26 Late 2022"]
[White "Estrada Nieto, Julian"]
[Black "Gatterer, Florian"]
[WhiteFideId "5101018"]
[BlackFideId "811688"]
[WhiteElo "2252"]
[BlackElo "2218"]
[Result "1-0"]
[Round "09"]
[TimeControl "180+1"]
[Date "2022.07.27"]
[WhiteClock "0:00:05"]
[BlackClock "0:00:01"]

1. e4 c5 2. Nf3 Nc6 3. Bb5 e5 4. O-O Bd6 5. c3 a6 6. Bxc6 dxc6 7. d4 exd4 8. cxd4 Bg4 9. dxc5 Bxc5 10. Qb3 Qb6 11. Qxb6 Bxb6 12. Nbd2 Ne7 13. h3 Be6 14. Ng5 Bd7 15. Nc4 Bc7 16. Rd1 Rd8 17. Be3 h6 18. Nf3 O-O 19. Bb6 Bxb6 20. Nxb6 Be6 21. b3 f6 22. Rd4 Rxd4 23. Nxd4 Kf7 24. Nxe6 Kxe6 25. Rd1 Nc8 26. Nd7 Rf7 27. Nc5+ Ke5 28. Rd8 Nd6 29. f4+ Kd4 30. Ne6+ Kxe4 31. Rxd6 Kf5 32. g4+ Ke4 33. f5 Ke3 34. Kf1 a5 35. Ke1 b5 36. Nc5 a4 37. b4 Kf3 38. Kd2 Kf4 39. Rxc6 Kg3 40. Rb6 Kxh3 41. Rxb5 Kxg4 42. Nxa4 h5 43. Nc3 h4 44. Ne4 Rd7+ 45. Ke3 h3 46. Nf2+ Kg3 47. Nxh3 Kxh3 48. a4 Kg4 49. a5 Rc7 50. Rc5 Rb7 51. b5 Re7+ 52. Kd4 Re1 53. a6 Rd1+ 54. Kc4 Ra1 55. Kd5 g5 56. fxg6 f5 57. Kc6 f4 58. g7 f3 59. g8=Q+ Kf4 60. Qf7+ Ke3 61. Rc3+ Kf2 62. Qxf3+ Ke1 63. Qe3+ Kd1 64. Qd3+ Ke1 65. Rc2 Rxa6+ 66. Kd5 Rd6+ 67. Ke4 Re6+ 68. Kf3 Rf6+ 69. Kg4 Rf4+ 70. Kg3 1-0


[Site "https://www.chess.com"]

[Event "Titled Tuesday Blitz July 26 Late 2022"]
[White "Fieberg, Samuel"]
[Black "Baches Garcia, Guillermo"]
[WhiteFideId "12901717"]
[BlackFideId "2209764"]
[WhiteElo "2426"]
[BlackElo "2530"]
[Result "0-1"]
[Round "09"]
[TimeControl "180+1"]
[Date "2022.07.27"]
[WhiteClock "0:00:19"]
[BlackClock "0:00:15"]

1. d4 Nf6 2. Nc3 e6 3. e4 d5 4. e5 Nfd7 5. f4 c5 6. Nf3 Nc6 7. Be3 cxd4 8. Nxd4 Bc5 9. Na4 Bxd4 10. Bxd4 Qa5+ 11. c3 Nxd4 12. Qxd4 b6 13. Qb4 Qxb4 14. cxb4 Bb7 15. Nc3 a6 16. Ne2 g5 17. g3 h5 18. Nd4 h4 19. Bg2 Rc8 20. b3 Ke7 21. Kd2 gxf4 22. gxf4 h3 23. Bf3 Rh4 24. Ne2 f6 25. exf6+ Nxf6 26. Rac1 Rhh8 27. Rxc8 Rxc8 28. Rg1 Kf7 29. Rg3 Rh8 30. Bg4 Ne4+ 31. Kd3 Nxg3 32. Nxg3 Bc6 33. Kd4 Kf6 34. Nh5+ Kg6 35. Ke5 Rxh5+ 36. Kxe6 Rh8 37. f5+ Kg7 38. f6+ Kf8 39. Kd6 Ba8 40. Ke5 Kf7 41. Be6+ Kf8 42. Bf5 Rh5 43. Kf4 Rxf5+ 44. Kxf5 Kf7 45. Kf4 Kxf6 46. Kg3 Kf5 47. Kxh3 Kf4 48. Kg2 Ke3 49. Kf1 d4 50. Ke1 d3 51. h4 Bf3 52. h5 d2+ 53. Kf1 d1=Q# 0-1


[Site "https://www.chess.com"]

[Event "Titled Tuesday Blitz July 26 Late 2022"]
[White "Gallana, Marco"]
[Black "Djordjevic, Vuk"]
[WhiteFideId "824542"]
[BlackFideId "902098"]
[WhiteElo "2290"]
[BlackElo "2456"]
[Result "0-1"]
[Round "09"]
[TimeControl "180+1"]
[Date "2022.07.27"]
[WhiteClock "0:00:02"]
[BlackClock "0:00:11"]

1. d4 Nf6 2. c4 c5 3. d5 b5 4. cxb5 a6 5. bxa6 Bxa6 6. Nc3 g6 7. e4 Bxf1 8. Kxf1 d6 9. g3 Bg7 10. Kg2 O-O 11. Nf3 Nbd7 12. Qc2 Qa5 13. Bd2 Rfb8 14. a4 Ng4 15. Nb5 Qd8 16. h3 Nge5 17. Nxe5 Nxe5 18. Ra3 h5 19. Re1 Ra6 20. f4 Nd7 21. Rf3 c4 22. Bc3 Nc5 23. Bxg7 Kxg7 24. Nd4 Nxa4 25. Qxc4 Rxb2+ 26. Re2 Qb6 27. Rff2 Rb4 28. Ne6+ fxe6 29. Qc8 Nc5 30. Qe8 Qb7 31. f5 exf5 32. exf5 Qxd5+ 33. Kh2 Ra7 34. Qxg6+ Kf8 35. f6 e5 36. Qh6+ Kg8 37. Qg6+ Kf8 38. Qh6+ Ke8 39. Qh8+ Kd7 40. f7 Ra8 41. Qxa8 Qxa8 42. f8=Q Qxf8 43. Rxf8 h4 44. Rg8 hxg3+ 45. Rxg3 e4 46. Rg4 d5 47. h4 Rb6 48. h5 Rh6 49. Rh4 Ne6 50. Kg3 Kd6 51. Kg4 Ke5 52. Rf2 e3 53. Rf5+ Ke4 54. Rh2 d4 55. Rf7 d3 56. Re7 e2 57. Rh1 d2 0-1


[Site "https://www.chess.com"]